 Dungeon Crawl Stone Soup version 0.32-a0-975-g85d4e5bfdb (webtiles) character file.

Game seed: 15995364090599217058

51 Maxmaps the Cudgeller (level 3, -3/36 HPs)
             Began as an Oni Gladiator on Apr 19, 2024.
             Slain by an adder (4 damage)
             ... on level 3 of the Dungeon.
             The game lasted 00:01:08 (1228 turns).

Maxmaps the Cudgeller (Oni Gladiator)               Turns: 1228, Time: 00:01:08

Health: -3/36      AC:  3    Str: 18    XL:     3   Next: 81%
Magic:  3/3        EV:  9    Int: 11    God:
Gold:   66         SH:  0    Dex: 10    Spells: 2/2 levels left

rFire   . . .        a - +0 flail
rCold   . . .        (no shield)
rNeg    . . .        b - +0 robe
rPois   .            c - +0 hat
rElec   .            (no cloak)
rCorr   .            (gloves unavailable)
SInv    .            (boots unavailable)
Will    .....        (no amulet)
Stlth   +            (no ring)
HPRegen 0.26/turn    (no ring)
MPRegen 0.08/turn

%: no passive effects
@: lethally poisoned (-3 -> -8)
A: large, unfitting armour, horns 1, tough skin 1, double potion healing,
drunken brawling
a: no special abilities


You were on level 3 of the Dungeon.
You visited 1 branch of the dungeon, and saw 3 of its levels.

You collected 66 gold pieces.

Inventory:

Hand Weapons
 a - a +0 flail (weapon)
Missiles
 d - 3 throwing nets (quivered)
 e - a large rock
Armour
 b - a +0 robe (worn)
 c - a +0 hat (worn)
Scrolls
 h - 2 scrolls of fog {unknown}
 i - a scroll of immolation {unknown}
 k - 2 scrolls of identify {unknown}
 l - a scroll of amnesia {unknown}
 m - a scroll of revelation {unknown}
 n - a scroll of enchant armour {unknown}
Potions
 f - 4 potions of haste {unknown}
 g - 3 potions of curing {unknown}
 j - a potion of berserk rage {unknown}


   Skills:
 - Level 2.6 Fighting
 + Level 4.6 Maces & Flails
 - Level 2.0 Throwing
 - Level 2.6 Dodging


You had 2 spell levels left.
You didn't know any spells.
Your spell library was empty.

Dungeon Overview and Level Annotations

Branches:
Dungeon (3/15)

Altars:

Shops:
D:2 =


Innate Abilities, Weirdness & Mutations

You are too large for most types of armour.
You have a pair of small horns on your head.
You have tough skin. (AC +1)
You gain doubled healing and magic from potions.
Whenever you drink a healing potion, you attack all around you.


Message History

The adder poisons you! The endoplasm freezes you.
You are frozen.
The adder bites you.
You completely miss the adder.
The adder is almost dead.
You feel very sick. The endoplasm barely misses you.
The adder closely misses you.
You barely miss the adder.
The adder is almost dead.
You feel very sick. The adder bites you. The endoplasm hits you.
The adder completely misses you. The endoplasm barely misses you.
You sock the endoplasm!
You kill the endoplasm!
You feel sick. The adder bites you but does no damage.
You barely miss the adder.
The adder is almost dead.
You feel sick.
The adder bites you but does no damage. x2
You closely miss the adder.
The adder is almost dead.
You feel sick. The adder barely misses you.
You barely miss the adder.
The adder is almost dead.
You feel sick. The adder bites you.
* * * LOW HITPOINT WARNING * * *
You are more poisoned.
The adder poisons you! The adder bites you.
* * * LOW HITPOINT WARNING * * *
You are lethally poisoned!
The adder poisons you!
You barely miss the adder.
The adder is almost dead.
* * * LOW HITPOINT WARNING * * *
You feel very sick. The adder bites you but does no damage.
You closely miss the adder.
The adder is almost dead.
* * * LOW HITPOINT WARNING * * *
You feel sick. The adder bites you but does no damage. The adder bites you.
You die...

####..##...#
#..........#
#..........#
#..............
+..>............
#...............
#...#####.......
#...............
#....@..........
.........S........
............####
#######.....#
......# #......#
P......# .#......#


You could see an adder.

Vanquished Creatures
  An adder (D:2)
  4 ball pythons
  6 endoplasms
  2 giant cockroaches
  7 goblins
  A hobgoblin (D:1)
  3 quokkas
  5 bats
  2 frilled lizards
  2 kobolds
  5 rats
38 creatures vanquished.

Notes
Turn   | Place    | Note
-------+----------+-------------------------------------------
     0 | D:1      | Maxmaps the Oni Gladiator began the quest for the Orb.
     0 | D:1      | Reached XP level 1. HP: 22/22 MP: 1/1
    87 | D:1      | Reached XP level 2. HP: 29/29 MP: 2/2
   460 | D:2      | Found Heyvvuol's Jewellery Boutique.
   492 | D:2      | Reached skill level 4 in Maces & Flails
   536 | D:2      | Reached XP level 3. HP: 34/36 MP: 3/3
  1228 | D:3      | HP: 1/36 [poisoned by an adder]
  1228 | D:3      | Slain by an adder

Illustrated notes

Levels and vault maps discovered:
D:1:      nzn_arrival_crosshair, layout_rooms
D:2:      layout_loops_ring, serial_shops, shop, minmay_surrounded
D:3:      layout_basic, shapermc_ecumenical_altar_mp_urbaneastern,
          nicolae_titane, uniq_terence

Skill      XL: |  1  2 |
---------------+-------+-----
Maces & Flails | 4 |  4.6
Fighting       | |  2.6
Throwing       | |  2.0
Dodging        | |  2.6

Action                     || total
---------------------------++-------
  Melee: Flail             ||    97
         Headbutt          ||     7
 Armour: Robe              ||    85
  Dodge: Dodged            ||    51

Table legend: (Time is in decaauts)
 A = Elapsed time spent in this place.
 B = Non-inter-level travel time spent in this place.
 C = Inter-level travel time spent in this place.
 D = Time resting spent in this place.
 E = Time spent auto-exploring this place.
 F = Levels seen in this place.
 G = Mean time per level.
                   A        B        C        D        E       F      G
               +--------+--------+--------+--------+--------+-----+--------+
         Total |   1247 |   1216 |     31 |      0 |    962 |   3 |  415.7 |
       Dungeon |   1247 |   1216 |     31 |      0 |    962 |   3 |  415.7 |
               +--------+--------+--------+--------+--------+-----+--------+

Top non-repeatable levels by time:
     D:2: 754 daAuts
     D:1: 465 daAuts
     D:3: 27 daAuts
